 Dungeon Crawl Stone Soup version 0.28-a0-691-gad6df49e81 (webtiles) character file.

Game seed: 17720029319504214369

360 Woods the Magician (level 6, -1/40 HPs)
             Began as a Djinni Ice Elementalist on Oct 22, 2021.
             Slain by a centaur skeleton (3 damage)
             ... on level 4 of the Dungeon.
             The game lasted 00:06:58 (5450 turns).

Woods the Magician (Djinni Ice Elementalist)        Turns: 5450, Time: 00:06:58

Health: -1/40      AC:  3    Str:  7    XL:     6   Next: 98%
Gold:   177        EV: 13    Int: 19    God:
                   SH:  0    Dex: 19

rFire   + + .      SeeInvis .   (no weapon)
rCold   x . .      Faith    .   (no shield)
rNeg    . . .      Spirit   .   a - +0 robe
rPois   ∞          Reflect  .   (no helmet)
rElec   .          Harm     .   o - +0 cloak
rCorr   .          Rampage  .   (no gloves)
Will    .....                   (boots unavailable)
Stlth   ++........              (no amulet)
HPRegen 0.13/turn               l - +6 ring of dexterity
MPRegen 0.00/turn               (no ring)

@: mighty, flying, very slightly contaminated
A: sickness immunity, fire resistance 2, cold vulnerability 1, float, innate
caster, hp casting, extra vitality 1
a: no special abilities


You were on level 4 of the Dungeon.
You visited 1 branch of the dungeon, and saw 4 of its levels.

You collected 177 gold pieces.

Inventory:

Hand Weapons
 n - a +4 quarterstaff of chaos
Armour
 a - a +0 robe (worn)
 o - a +0 cloak (worn)
Jewellery
 h - a ring of fire
 l - a +6 ring of dexterity (left hand)
Scrolls
 b - a scroll of enchant weapon {unknown}
 e - a scroll of vulnerability {unknown}
 g - a scroll of fog {unknown}
 i - 2 scrolls of teleportation {unknown}
 k - 2 scrolls of identify {unknown}
 m - a scroll of amnesia {unknown}
Potions
 d - a potion of lignification {unknown}
 f - a potion of curing {unknown}
 j - a potion of attraction {unknown}


   Skills:
 + Level 0.2 Fighting
 + Level 2.2 Dodging
 - Level 1.7 Stealth
 - Level 6.0 Spellcasting


You had 3 spell levels left.
You knew the following spells:

 Your Spells              Type           Power      Damage    Failure   Level
a - Freeze                Ice            100%       1d11      1%          1
b - Frozen Ramparts       Ice            56%        1d7       2%          3
c - Ozocubu's Armour      Ice            28%        N/A       2%          3
d - Hailstorm             Conj/Ice       28%        3d8       10%         4
e - Sandblast             Erth           56%        2d13      1%          1
f - Wereblood             Tmut           28%        N/A       1%          2
Your spell library was empty.

Dungeon Overview and Level Annotations

Branches:
Dungeon (4/15)
 Temple: D:4-7

Altars:
Elyvilon
Yredelemnul

Annotations:
D:3 2 transporters


Innate Abilities, Weirdness & Mutations

You are immune to sickness and miasma.
You are immune to poison.
Your flesh is very heat resistant. (rF++)
You are vulnerable to cold. (rC-)
You float through the air rather than walking.
You learn spells naturally, not from books.
Your magical power is your life essence.
You have superior vitality. (+4 HP)


Message History

The centaur skeleton kicks you.
* * * LOW HITPOINT WARNING * * *
Aiming: Freeze (safe; 1% risk of failure)
Press: ? - help, Q - select action, (/) - cycle Shift-Dir - straight line, f/p - scorpion
Aim: a scorpion (severely wounded)
You miscast Freeze.
Nothing appears to happen.
* * * LOW HITPOINT WARNING * * *
The scorpion stings you.
* * * LOW HITPOINT WARNING * * *
The centaur skeleton resists.
The wall freezes the centaur skeleton.
The centaur skeleton hits you but does no damage.
The centaur skeleton kicks you but does no damage.
Aiming: Freeze (safe; 1% risk of failure)
Press: ? - help, Q - select action, (/) - cycle Shift-Dir - straight line, f/p - scorpion
Aim: a scorpion (severely wounded)
You freeze the scorpion.
The scorpion is almost dead.
* * * LOW HITPOINT WARNING * * *
The centaur skeleton resists.
The wall freezes the centaur skeleton.
The centaur skeleton barely misses you. x2; The scorpion stings you.
* * * LOW HITPOINT WARNING * * *
Your frozen ramparts will break if you move.
Continue?
The frozen ramparts melt away as you move.
Aiming: Freeze (safe; 1% risk of failure)
Press: ? - help, Q - select action, (/) - cycle Shift-Dir - straight line, f/p - scorpion
Aim: a scorpion (almost dead)
You freeze the scorpion!
You kill the scorpion!
* * * LOW HITPOINT WARNING * * *
Training target 6.0 for Spellcasting reached!
Your Spellcasting skill increases to level 6!
You need to enable at least one skill for training.
Press: ? - help, v - describe, . - travel
Here: a centaur skeleton (severely damaged)
The floor.
The centaur skeleton barely misses you.
The centaur skeleton closely misses you.
You feel very mighty all of a sudden. The centaur skeleton hits you.
You die...

#####
#...#
#.@.#
#.Z.#
##...####
#.†.....#
#.<.....#
#......$#
#.#...[.#
#.#.....#
#.#.....#


You could see a centaur skeleton.

Vanquished Creatures
  A scorpion (D:4)
  Crazy Yiuf (D:3)
  An orc wizard (D:3)
  8 gnolls
  7 adders
  An adder skeleton (D:4)
  2 worms
  2 dart slugs (D:2)
  4 orcs (D:3)
  3 ball pythons
  13 endoplasms
  3 giant cockroaches
  10 goblins
  9 hobgoblins
  8 jackals
  4 kobolds
  4 quokkas
  3 bats
  4 frilled lizards
  7 rats
95 creatures vanquished.

Notes
Turn   | Place    | Note
-------+----------+-------------------------------------------
     0 | D:1      | Woods the Djinni Ice Elementalist began the quest for the
                  | Orb.
     0 | D:1      | Reached XP level 1. HP: 15/15 MP: 0/0
   226 | D:1      | Reached XP level 2. HP: 20/21 MP: 0/0
   259 | D:1      | Found a faded altar of an unknown god.
   666 | D:1      | Reached XP level 3. HP: 12/25 MP: 0/0
   666 | D:1      | Learned a level 1 spell: Sandblast
  1229 | D:1      | Reached skill level 4 in Spellcasting
  1837 | D:2      | Reached XP level 4. HP: 13/31 MP: 0/0
  2366 | D:2      | Reached XP level 5. HP: 26/35 MP: 0/0
  2366 | D:2      | Learned a level 2 spell: Wereblood
  2927 | D:2      | Found a white marble altar of Elyvilon.
  3076 | D:2      | Reached skill level 5 in Spellcasting
  3686 | D:3      | Found a transporter.
  3712 | D:3      | Reached XP level 6. HP: 33/40 MP: 0/0
  3983 | D:3      | Found a basalt altar of Yredelemnul.
  4346 | D:3      | Found a transporter.
  4987 | D:3      | Found a runed translucent door.
  4988 | D:3      | Noticed Crazy Yiuf
  5151 | D:3      | Killed Crazy Yiuf
  5368 | D:4      | Noticed an ice beast
  5445 | D:4      | HP: 2/40 [scorpion (6)]
  5448 | D:4      | Reached skill level 6 in Spellcasting
  5450 | D:4      | Slain by a centaur skeleton

Illustrated notes

Levels and vault maps discovered:
D:1:      matt_arrival_spirals, layout_basic, chequers_ecumenical_altar_island,
          minivault_25
D:2:      layout_loops_ring, basic_altar
D:3:      gammafunk_steamed_eel, layout_basic,
          mainiacjoe_overflow_surrounded_room, grunt_decor_resistance,
          minmay_starry_boxes, uniq_crazy_yiuf_cottage
D:4:      layout_basic, nicolae_ru_great_annihilating_truth,
          minmay_temple_entry_trees, uniq_duvessa

Skill      XL: |  1  2  3  4  5  6 |
---------------+-------------------+-----
Spellcasting   | 4 5 6 |  6.0
Fighting       | |  0.2
Dodging        | |  2.2
Stealth        | |  1.7

Action                   |  1- 3 |  4- 6 || total
-------------------------+-------+-------++-------
Melee: Unarmed           |     4 |     6 ||    10
 Cast: Freeze            |    38 |    74 ||   112
       Frozen Ramparts   |     5 |    19 ||    24
       Ozocubu's Armour  |     1 |     4 ||     5
       Hailstorm         |       |     3 ||     3
  Use: Potion            |       |     1 ||     1
Armor: Robe              |     5 |    12 ||    17
Dodge: Dodged            |     9 |    46 ||    55

Table legend: (Time is in decaauts)
 A = Elapsed time spent in this place.
 B = Non-inter-level travel time spent in this place.
 C = Inter-level travel time spent in this place.
 D = Time resting spent in this place.
 E = Time spent auto-exploring this place.
 F = Levels seen in this place.
 G = Mean time per level.
                   A        B        C        D        E       F      G
               +--------+--------+--------+--------+--------+-----+--------+
         Total |   5451 |   5272 |    179 |   1456 |   3244 |   4 | 1362.8 |
       Dungeon |   5451 |   5272 |    179 |   1456 |   3244 |   4 | 1362.8 |
               +--------+--------+--------+--------+--------+-----+--------+

Top non-repeatable levels by time:
     D:1: 2188 daAuts
     D:3: 1756 daAuts
     D:2: 1487 daAuts
     D:4: 19 daAuts
